[ AOE2 MATCH · #505000772 ]
UnrankedMongols vs Japanese
Player's team · LOSS
Rival team · WIN
[ REPLAY ANALYSIS · EXTRACTED FROM THE RECORDED GAME ]
Feudal
8:03
Castle
30:17
Imperial
—
| APM avg | 62.9 |
| APM peak | 106 |
| eAPM avg | 27.2 |
| Villagers / military | 161 / 143 |
Focus
⚔️ 39.8% · 🌾 60.2%
Mangudai ×38 · Camel Scout ×31 · Steppe Lancer ×27 · Petard ×16 · Archer ×11 · Skirmisher ×10
Feudal
8:30
Castle
27:49
Imperial
51:57
| APM avg | 58.5 |
| APM peak | 118 |
| eAPM avg | 26.1 |
| Villagers / military | 197 / 180 |
Focus
⚔️ 38.2% · 🌾 61.8%
Cavalry Archer ×95 · Spearman ×33 · Knight ×22 · Militia ×12 · Samurai ×10 · Battering Ram ×6
Match map
Initial resources + every placement click. Lines = walls · curves = elevation contours. ◆ gold · ⬟ stone · ● berries · ✦ relic · ◌ wall gap
Your base· ✓ Closed at 30:17 · 56t walls · 3 gate(s)
新竹's base· Open — unwalled flank
Smoothed initial terrain · ◌ = detected wall gap · hover for details
Inputs per minute
— aDT_Flempopo - - 新竹
Build order — aDT_Flempopo
First 150 of 477 actions detected
| 0:00 | Create | Villager (Male) |
| 0:01 | Create | Villager (Male) |
| 0:01 | Create | Villager (Male) |
| 0:02 | Build | House |
| 0:03 | Build | House |
| 0:05 | Create | Villager (Male) |
| 0:05 | Create | Villager (Male) |
| 1:24 | Create | Villager (Male) |
| 1:24 | Create | Villager (Male) |
| 1:47 | Build | Lumber Camp |
| 2:01 | Create | Villager (Male) |
| 2:01 | Create | Villager (Male) |
| 2:16 | Create | Villager (Male) |
| 2:45 | Create | Villager (Male) |
| 2:46 | Create | Villager (Male) |
| 3:05 | Create | Villager (Male) |
| 3:06 | Create | Villager (Male) |
| 3:36 | Create | Villager (Male) |
| 3:45 | Create | Villager (Male) |
| 3:53 | Build | House |
| 4:13 | Create | Villager (Male) |
| 4:19 | Research | Loom |
| 4:23 | Build | Mill |
| 5:24 | Create | Villager (Male) |
| 5:53 | Research | Feudal Age |
| 6:45 | Build | Barracks |
| 6:50 | Build | Palisade Wall |
| 7:02 | Create | Villager (Male) |
| 7:13 | Build | Palisade Gate |
| 8:03 | Age | Feudal Age |
| 8:05 | Create | Villager (Male) |
| 8:09 | Build | Stable |
| 8:13 | Research | Double-Bit Axe |
| 8:36 | Build | Palisade Wall |
| 8:47 | Build | House |
| 8:49 | Create | Villager (Male) |
| 9:17 | Create | Scout Cavalry |
| 9:20 | Build | Lumber Camp |
| 9:26 | Create | Villager (Male) |
| 9:34 | Build | House |
| 9:48 | Build | Watch Tower |
| 9:53 | Create | Scout Cavalry |
| 9:55 | Create | Villager (Male) |
| 9:57 | Build | House |
| 10:26 | Build | Palisade Wall |
| 10:28 | Create | Villager (Male) |
| 10:59 | Build | Archery Range |
| 11:03 | Create | Villager (Male) |
| 11:34 | Create | Villager (Male) |
| 11:47 | Create | Villager (Male) |
| 11:55 | Create | Skirmisher |
| 12:13 | Build | Mining Camp |
| 12:31 | Create | Villager (Male) |
| 12:35 | Create | Skirmisher |
| 12:38 | Build | Farm |
| 12:58 | Create | Villager (Male) |
| 13:06 | Create | Skirmisher |
| 13:10 | Create | Villager (Male) |
| 13:31 | Create | Skirmisher |
| 13:32 | Create | Villager (Male) |
| 13:35 | Build | Lumber Camp |
| 13:49 | Create | Villager (Male) |
| 14:05 | Create | Villager (Male) |
| 14:13 | Create | Skirmisher |
| 14:29 | Build | Watch Tower |
| 14:35 | Create | Villager (Male) |
| 14:46 | Build | House |
| 14:58 | Create | Villager (Male) |
| 15:23 | Build | Farm |
| 15:35 | Build | Farm |
| 15:38 | Create | Skirmisher |
| 16:10 | Build | Watch Tower |
| 16:18 | Build | House |
| 16:21 | Build | House |
| 16:22 | Create | Villager (Male) |
| 16:25 | Build | Palisade Gate |
| 16:28 | Build | Palisade Wall |
| 16:38 | Build | Farm |
| 16:59 | Create | Villager (Male) |
| 17:20 | Create | Villager (Male) |
| 17:36 | Create | Villager (Male) |
| 17:46 | Build | Farm |
| 17:47 | Build | Farm |
| 18:10 | Build | Watch Tower |
| 18:11 | Create | Villager (Male) |
| 18:13 | Build | Lumber Camp |
| 18:19 | Create | Villager (Male) |
| 18:26 | Build | Palisade Wall |
| 18:27 | Build | Palisade Wall |
| 18:28 | Build | Palisade Wall |
| 18:29 | Build | Palisade Wall |
| 18:30 | Create | Villager (Male) |
| 18:45 | Build | Farm |
| 18:48 | Build | Farm |
| 18:56 | Create | Skirmisher |
| 19:05 | Build | Farm |
| 19:10 | Create | Villager (Male) |
| 19:29 | Create | Villager (Male) |
| 19:33 | Create | Skirmisher |
| 19:39 | Build | Blacksmith |
| 19:44 | Create | Villager (Male) |
| 19:57 | Build | Watch Tower |
| 20:07 | Build | Lumber Camp |
| 20:10 | Create | Skirmisher |
| 20:12 | Create | Villager (Male) |
| 20:14 | Build | House |
| 20:29 | Research | Fletching |
| 20:32 | Build | Mining Camp |
| 20:47 | Build | Farm |
| 20:48 | Create | Villager (Male) |
| 20:53 | Build | Farm |
| 21:16 | Create | Villager (Male) |
| 21:19 | Create | Skirmisher |
| 21:21 | Build | Palisade Wall |
| 21:23 | Build | House |
| 21:29 | Build | Palisade Wall |
| 21:32 | Build | House |
| 21:34 | Create | Villager (Male) |
| 21:41 | Build | House |
| 21:58 | Create | Archer |
| 22:08 | Create | Villager (Male) |
| 22:32 | Build | Watch Tower |
| 22:33 | Create | Villager (Male) |
| 22:35 | Create | Archer |
| 22:56 | Build | Farm |
| 22:58 | Create | Villager (Male) |
| 23:01 | Build | Market |
| 23:02 | Build | House |
| 23:03 | Build | Palisade Wall |
| 23:06 | Create | Archer |
| 23:18 | Build | Watch Tower |
| 23:25 | Create | Archer |
| 23:28 | Build | Watch Tower |
| 23:37 | Create | Villager (Male) |
| 23:44 | Build | Watch Tower |
| 23:48 | Create | Archer |
| 23:55 | Build | Lumber Camp |
| 24:01 | Create | Villager (Male) |
| 24:10 | Build | Farm |
| 24:21 | Create | Villager (Male) |
| 24:32 | Create | Archer |
| 24:34 | Create | Villager (Male) |
| 24:39 | Create | Villager (Male) |
| 24:45 | Build | Watch Tower |
| 24:51 | Build | Farm |
| 25:14 | Create | Villager (Male) |
| 25:16 | Build | Farm |
| 25:19 | Create | Archer |
| 25:26 | Build | Palisade Wall |
| 25:35 | Build | Watch Tower |
Build order — 新竹
First 150 of 611 actions detected
| 0:00 | Create | Villager (Male) |
| 0:01 | Create | Villager (Male) |
| 0:01 | Create | Villager (Male) |
| 0:01 | Create | Villager (Male) |
| 0:02 | Build | House |
| 0:03 | Build | House |
| 1:24 | Create | Villager (Male) |
| 2:07 | Create | Villager (Male) |
| 2:07 | Create | Villager (Male) |
| 2:07 | Create | Villager (Male) |
| 2:19 | Create | Villager (Male) |
| 2:19 | Create | Villager (Male) |
| 2:20 | Create | Villager (Male) |
| 2:20 | Create | Villager (Male) |
| 2:27 | Build | Lumber Camp |
| 2:46 | Create | Villager (Male) |
| 2:46 | Create | Villager (Male) |
| 3:13 | Create | Villager (Male) |
| 3:13 | Create | Villager (Male) |
| 3:21 | Build | House |
| 3:34 | Create | Villager (Male) |
| 3:34 | Create | Villager (Male) |
| 4:00 | Create | Villager (Male) |
| 4:00 | Create | Villager (Male) |
| 4:01 | Create | Villager (Male) |
| 4:01 | Create | Villager (Male) |
| 4:01 | Create | Villager (Male) |
| 5:11 | Build | Mining Camp |
| 5:13 | Build | Palisade Wall |
| 5:15 | Build | Palisade Wall |
| 5:24 | Create | Villager (Male) |
| 5:24 | Create | Villager (Male) |
| 5:25 | Create | Villager (Male) |
| 5:48 | Research | Loom |
| 5:48 | Research | Loom |
| 6:20 | Research | Feudal Age |
| 6:20 | Research | Feudal Age |
| 6:34 | Build | House |
| 6:54 | Build | Barracks |
| 7:40 | Build | Mill |
| 7:50 | Create | Militia |
| 7:50 | Create | Militia |
| 7:51 | Create | Militia |
| 8:08 | Build | House |
| 8:30 | Age | Feudal Age |
| 8:33 | Build | Watch Tower |
| 8:34 | Research | Man-at-Arms (upgrade) |
| 8:34 | Research | Man-at-Arms (upgrade) |
| 8:35 | Create | Villager (Male) |
| 8:35 | Create | Villager (Male) |
| 8:36 | Create | Villager (Male) |
| 8:41 | Create | Villager (Male) |
| 9:26 | Create | Villager (Male) |
| 9:26 | Create | Villager (Male) |
| 9:27 | Create | Villager (Male) |
| 9:39 | Build | Palisade Wall |
| 9:42 | Create | Militia |
| 9:58 | Create | Spearman |
| 10:02 | Build | Mining Camp |
| 10:21 | Create | Villager (Male) |
| 10:21 | Create | Villager (Male) |
| 10:21 | Create | Villager (Male) |
| 10:21 | Create | Villager (Male) |
| 10:22 | Create | Villager (Male) |
| 10:36 | Create | Spearman |
| 10:37 | Create | Spearman |
| 10:47 | Build | House |
| 10:56 | Create | Villager (Male) |
| 10:57 | Create | Villager (Male) |
| 10:57 | Create | Villager (Male) |
| 10:57 | Create | Villager (Male) |
| 11:03 | Build | House |
| 11:21 | Create | Villager (Male) |
| 11:21 | Create | Villager (Male) |
| 11:47 | Create | Villager (Male) |
| 11:47 | Create | Villager (Male) |
| 11:48 | Create | Villager (Male) |
| 12:04 | Build | Farm |
| 12:04 | Build | Farm |
| 12:18 | Create | Villager (Male) |
| 12:19 | Create | Villager (Male) |
| 12:19 | Create | Villager (Male) |
| 13:01 | Create | Villager (Male) |
| 13:01 | Create | Villager (Male) |
| 13:01 | Create | Villager (Male) |
| 13:01 | Create | Villager (Male) |
| 13:02 | Build | Farm |
| 13:30 | Build | Watch Tower |
| 13:34 | Create | Villager (Male) |
| 13:34 | Create | Villager (Male) |
| 13:34 | Create | Villager (Male) |
| 14:01 | Build | Farm |
| 14:13 | Research | Double-Bit Axe |
| 14:13 | Research | Double-Bit Axe |
| 14:13 | Research | Double-Bit Axe |
| 14:49 | Create | Villager (Male) |
| 14:49 | Create | Villager (Male) |
| 14:49 | Create | Villager (Male) |
| 14:50 | Create | Villager (Male) |
| 15:12 | Create | Militia |
| 15:12 | Create | Militia |
| 15:13 | Create | Militia |
| 15:19 | Create | Villager (Male) |
| 15:19 | Create | Villager (Male) |
| 15:19 | Create | Villager (Male) |
| 15:20 | Create | Villager (Male) |
| 15:21 | Build | Farm |
| 15:25 | Build | Farm |
| 15:25 | Build | Farm |
| 15:41 | Create | Villager (Male) |
| 15:41 | Create | Villager (Male) |
| 15:42 | Create | Villager (Male) |
| 16:03 | Build | Farm |
| 16:06 | Build | House |
| 16:07 | Build | House |
| 16:21 | Create | Militia |
| 16:21 | Create | Militia |
| 16:21 | Create | Militia |
| 16:33 | Build | Watch Tower |
| 16:40 | Create | Villager (Male) |
| 16:40 | Create | Villager (Male) |
| 16:41 | Create | Villager (Male) |
| 16:41 | Create | Villager (Male) |
| 16:54 | Build | Watch Tower |
| 17:01 | Create | Villager (Male) |
| 17:01 | Create | Villager (Male) |
| 17:01 | Create | Villager (Male) |
| 17:14 | Create | Villager (Male) |
| 17:14 | Create | Villager (Male) |
| 17:33 | Create | Militia |
| 17:40 | Build | Watch Tower |
| 17:47 | Create | Villager (Male) |
| 17:47 | Create | Villager (Male) |
| 17:47 | Create | Villager (Male) |
| 17:47 | Create | Villager (Male) |
| 17:53 | Build | House |
| 17:56 | Build | House |
| 17:58 | Create | Villager (Male) |
| 17:59 | Create | Villager (Male) |
| 18:14 | Build | Farm |
| 18:15 | Build | Farm |
| 18:16 | Create | Villager (Male) |
| 18:16 | Create | Villager (Male) |
| 18:16 | Create | Villager (Male) |
| 18:23 | Build | Blacksmith |
| 18:40 | Build | Watch Tower |
| 18:52 | Create | Villager (Male) |
| 18:54 | Build | Farm |
| 18:56 | Build | Farm |
| 19:01 | Research | Fletching |
Match timeline
| 5:13 | 新竹 · wall_segment Palisade Wall x1 |
| 5:15 | 新竹 · wall_segment Palisade Wall x1 |
| 6:45 | aDT_Flempopo · first_building Barracks |
| 6:50 | aDT_Flempopo · wall_segment Palisade Wall x1 |
| 6:54 | 新竹 · first_building Barracks |
| 8:03 | aDT_Flempopo · age_up feudal |
| 8:09 | aDT_Flempopo · first_building Stable |
| 8:30 | 新竹 · age_up feudal |
| 8:36 | aDT_Flempopo · wall_segment Palisade Wall x2 |
| 9:39 | 新竹 · wall_segment Palisade Wall x2 |
| 10:26 | aDT_Flempopo · wall_segment Palisade Wall x4 |
| 10:59 | aDT_Flempopo · first_building Archery Range |
| 16:28 | aDT_Flempopo · wall_segment Palisade Wall x5 |
| 18:26 | aDT_Flempopo · wall_segment Palisade Wall x1 |
| 18:27 | aDT_Flempopo · wall_segment Palisade Wall x1 |
| 18:28 | aDT_Flempopo · wall_segment Palisade Wall x1 |
| 18:29 | aDT_Flempopo · wall_segment Palisade Wall x1 |
| 20:13 | 新竹 · wall_segment Palisade Wall x1 |
| 21:21 | aDT_Flempopo · wall_segment Palisade Wall x1 |
| 21:29 | aDT_Flempopo · wall_segment Palisade Wall x1 |
| 23:03 | aDT_Flempopo · wall_segment Palisade Wall x7 |
| 23:07 | 新竹 · wall_segment Palisade Wall x2 |
| 23:07 | 新竹 · wall_segment Palisade Wall x2 |
| 25:14 | 新竹 · first_building Stable |
| 25:26 | aDT_Flempopo · wall_segment Palisade Wall x1 |
| 25:43 | aDT_Flempopo · wall_segment Palisade Wall x3 |
| 26:09 | aDT_Flempopo · wall_segment Palisade Wall x1 |
| 27:43 | 新竹 · wall_segment Stone Wall x3 |
| 27:45 | 新竹 · wall_segment Stone Wall x2 |
| 27:45 | 新竹 · wall_segment Stone Wall x1 |
| 27:46 | 新竹 · wall_segment Stone Wall x1 |
| 27:46 | 新竹 · wall_segment Stone Wall x1 |
| 27:48 | 新竹 · wall_segment Stone Wall x1 |
| 27:48 | 新竹 · wall_segment Stone Wall x1 |
| 27:49 | 新竹 · age_up castle |
| 27:49 | 新竹 · wall_segment Stone Wall x1 |
| 27:58 | aDT_Flempopo · wall_segment Palisade Wall x4 |
| 28:05 | aDT_Flempopo · wall_segment Palisade Wall x3 |
| 28:07 | 新竹 · first_building Siege Workshop |
| 28:09 | aDT_Flempopo · wall_segment Palisade Wall x19 |
| 28:41 | 新竹 · first_market_buy 100 wood |
| 28:54 | aDT_Flempopo · first_market_sell 100 wood |
| 28:55 | aDT_Flempopo · first_market_buy 100 food |
| 30:17 | aDT_Flempopo · age_up castle |
| 34:00 | 新竹 · first_building Archery Range |
| 35:05 | 新竹 · wall_segment Stone Wall x2 |
| 35:06 | 新竹 · wall_segment Stone Wall x2 |
| 35:07 | 新竹 · wall_segment Stone Wall x3 |
| 35:09 | 新竹 · wall_segment Stone Wall x3 |
| 38:54 | 新竹 · wall_segment Stone Wall x2 |
| 38:55 | 新竹 · wall_segment Stone Wall x2 |
| 38:57 | 新竹 · wall_segment Stone Wall x1 |
| 39:43 | aDT_Flempopo · first_building Castle |
| 42:39 | 新竹 · wall_segment Stone Wall x4 |
| 45:54 | aDT_Flempopo · first_building Monastery |
| 46:53 | 新竹 · first_building Castle |
| 49:48 | 新竹 · wall_segment Palisade Wall x2 |
| 51:57 | 新竹 · age_up imperial |
| 52:14 | 新竹 · wall_segment Palisade Wall x3 |
| 53:02 | 新竹 · first_market_sell 100 wood |
| 54:01 | aDT_Flempopo · resign |
[ AI ANALYSIS · 1 CREDIT ]
What really happened in this match?
Wolo.gg analyzes every decision: build order, eco, micro, common mistakes by bracket. Personalized analysis on WhatsApp or Discord in 30 seconds.
Civ guide
Mongols
Perfil
Jugador #896261